 Dungeon Crawl Stone Soup version 0.30-a0-719-gcc4359ea44 (webtiles) character file.

Game seed: 15213310132884728319

68 Rrauwl the Trooper (level 4, -5/40 HPs)
             Began as a Draconian Fighter on Jan 26, 2023.
             Slain by Sigmund
             ... wielding a +0 scythe
              (7 damage)
             ... on level 3 of the Dungeon.
             The game lasted 00:04:57 (1833 turns).

Rrauwl the Trooper (Draconian Fighter)              Turns: 1833, Time: 00:04:57

Health: -5/40      AC:  5    Str: 20    XL:     4   Next: 1%
Magic:  4/4        EV: 12    Int:  9    God:
Gold:   136        SH:  4    Dex: 10    Spells: 3/3 levels left

rFire   + . .      SeeInvis .    a - +0 trident
rCold   + . .      Faith    .    b - +0 buckler
rNeg    . . .      Spirit   .    (body armour unavailable)
rPois   +          Reflect  .    (helmet restricted)
rElec   +          Harm     .    (no cloak)
rCorr   +          Rampage  .    (no gloves)
Will    .....                    (no boots)
Stlth   +                        (no amulet)
HPRegen 0.26/turn                (no ring)
MPRegen 0.09/turn                (no ring)

@: mighty, resistant, attractive, flying, hasted, invisible, very quick
A: AC +5, unfitting armour, cold-blooded
a: no special abilities


You were on level 3 of the Dungeon.
You visited 1 branch of the dungeon, and saw 3 of its levels.

You collected 136 gold pieces.

Inventory:

Hand Weapons
 a - a +0 trident (weapon)
Armour
 b - a +0 buckler (worn)
Jewellery
 l - a ring of protection from cold
Scrolls
 d - a scroll of magic mapping {unknown}
 e - a scroll of identify {unknown}
 f - a scroll of blinking
 k - 2 scrolls of vulnerability {unknown}
 m - a scroll of teleportation {unknown}


   Skills:
 - Level 4.0 Fighting
 + Level 2.9 Polearms
 - Level 3.0 Dodging
 + Level 3.6 Shields


You had 3 spell levels left.
You didn't know any spells.
Your spell library contained the following spells:

 Spells                   Type           Power      Damage    Failure   Level
 Cause Fear               Hex            0%         N/A       99%         4
 Dragon Form              Tmut           0%         N/A       100%        7
 Dragon's Call            Summ           0%         N/A       100%        9


Dungeon Overview and Level Annotations

Branches:
Dungeon (3/15)

Altars:
Okawaru

Shops:
D:2 [

Annotations:
D:3 Sigmund


Innate Abilities, Weirdness & Mutations

Your plain brown scales are hard. (AC +5)
You cannot fit into any form of body armour.
You are cold-blooded and may be slowed by cold attacks.


Message History

It was a potion of attraction.
You feel attractive to monsters. Something is attracted toward you.
You're too confused to move!
Something hits you. Something is attracted toward you.
The adder is attracted toward you.
You're too confused to move!
You hear some strange, mumbled words.
The adder is attracted toward you.
You closely miss something.
Your tail-slap misses something.
You feel less invigorated.
You feel less confused.
You barely miss something. Something hits you! You block the adder's attack.
You closely miss the adder. The adder bites you. Something hits you.
You catch the helpless adder completely off-guard!
You hit the adder.
The adder is heavily wounded.
The adder is attracted toward you.
You closely miss the adder.
The adder is moderately wounded.
The adder bites you but does no damage. Something hits you.
You catch the helpless adder completely off-guard!
You puncture the adder!
You kill the adder!
Training target 4.0 for Fighting reached!
Your Fighting skill increases to level 4!
You have reached level 4!
You feel clever.
You closely miss something. You tail-slap something. Something hits you!
You hit something. You barely miss something.
Your tail-slap misses something.
Something hits you!
* * * LOW HITPOINT WARNING * * *
You fade further into invisibility.
You miss something.
You hear some strange, mumbled words.
A puff of flame appears from out of thin air!
The puff of flame hits you. You resist.
* * * LOW HITPOINT WARNING * * *
You feel very mighty all of a sudden.
You barely miss something. Something hits you!
You die...

......#####...# #.##[###...#.#
..#..).......## #.#..# ###...#
#..#.....###.# #...## ##.##
.............#####.>##### #.#
#........................####
...##..#.##..###.....###.######
.....#.#.....<..............{.
.###........#...<....#...♣..
.#####.####....#@{......♣.♣
...............#.......♣.♣
######................♣.♣.♣
####....#####.#.♣.♣._S♣ #....#
#....♣.♣.♣.♣ ##..(#
###...♣.♣.♣.. #...#
#....♣.♣.... #...#
#.#...♣...#.. #...#
#............


There were no monsters in sight!

Vanquished Creatures
  3 adders
  An orc (D:3)
  2 endoplasms (D:1)
  3 giant cockroaches
  5 goblins
  3 hobgoblins
  2 jackals (D:2)
  3 kobolds
  A quokka (D:1)
  4 ball pythons
  5 bats
  3 frilled lizards
  3 rats (D:1)
38 creatures vanquished.

Vanquished Creatures (others)
  5 plants (D:2)
5 creatures vanquished.

Grand Total: 43 creatures vanquished

Notes
Turn   | Place    | Note
-------+----------+-------------------------------------------
     0 | D:1      | Rrauwl the Draconian Fighter began the quest for the Orb.
     0 | D:1      | Reached XP level 1. HP: 19/19 MP: 1/1
   235 | D:1      | Reached XP level 2. HP: 25/26 MP: 2/2
  1017 | D:2      | Found a faded altar of an unknown god.
  1161 | D:2      | Found Someniwk's Armour Shoppe.
  1185 | D:2      | Reached XP level 3. HP: 33/33 MP: 3/3
  1644 | D:3      | Noticed Sigmund
  1804 | D:3      | Found an iron altar of Okawaru.
  1827 | D:3      | Reached skill level 4 in Fighting
  1827 | D:3      | Reached XP level 4. HP: 25/40 MP: 4/4
  1831 | D:3      | HP: 2/40 [something/puff of flame (4)]
  1833 | D:3      | Slain by Sigmund

Illustrated notes

Levels and vault maps discovered:
D:1:      kennysheep_arrival_seaside, layout_basic,
          ebering_dispersal_statue_hall
D:2:      layout_rooms, serial_shops, shop,
          hellmonk_ecumenical_altar_dog_temple, serial_bayou_pond_a,
          serial_bayou_lagoon_b
D:3:      layout_rooms, palyth_temple_overflow_mages, okawaru_trees_2,
          uniq_terence, uniq_sigmund

Skill      XL: |  1  2  3 |
---------------+----------+-----
Dodging        | 3 |  3.0
Fighting       | 4 |  4.0
Polearms       | |  2.9
Shields        | |  3.6

Action                     |  1- 3 |  4- 6 || total
---------------------------+-------+-------++-------
  Melee: Trident           |   129 |     5 ||   134
         Tailslap          |    12 |     1 ||    13
    Use: Potion            |     7 |     2 ||     9
         Scroll            |     1 |       ||     1
   Stab: Invisible         |     2 |       ||     2
 Armour: Skin              |    40 |       ||    40
  Dodge: Dodged            |    68 |       ||    68
  Block: Buckler           |    25 |       ||    25

Table legend: (Time is in decaauts)
 A = Elapsed time spent in this place.
 B = Non-inter-level travel time spent in this place.
 C = Inter-level travel time spent in this place.
 D = Time resting spent in this place.
 E = Time spent auto-exploring this place.
 F = Levels seen in this place.
 G = Mean time per level.
                   A        B        C        D        E       F      G
               +--------+--------+--------+--------+--------+-----+--------+
         Total |   1873 |   1832 |     41 |      0 |   1470 |   3 |  624.3 |
       Dungeon |   1873 |   1832 |     41 |      0 |   1470 |   3 |  624.3 |
               +--------+--------+--------+--------+--------+-----+--------+

Top non-repeatable levels by time:
     D:1: 1034 daAuts
     D:2: 646 daAuts
     D:3: 192 daAuts
